 Dungeon Crawl Stone Soup version 0.18.1-1-g2f07953 (webtiles) character file.

51704 varam the Warrior (level 14, -36/100 HPs)
             Began as a Gargoyle Gladiator on May 6, 2016.
             Was an Elder of Okawaru.
             Killed from afar by an ice dragon (57 damage)
             ... with a blast of cold
             ... on level 15 of the Dungeon.
             The game lasted 01:00:57 (18400 turns).

varam the Warrior (Gargoyle Gladiator)             Turns: 18400, Time: 01:00:59

Health: -36/100    AC: 32    Str: 28    XL:     14   Next: 60%
Magic:  22/22      EV: 10    Int: 10    God:    Okawaru [****..]
Gold:   700        SH:  0    Dex: 13    Spells: 0 memorised, 13 levels left

rFire  + . .     SeeInvis .     m - +2 lajatang (vamp)
rCold  . . .     Gourm    .     W - +0 chain mail "Bookaes" {+Blink rF+ Stlth+}
rNeg   + . .     Faith    .     (shield currently unavailable)
rPois  ∞         Spirit   .     x - +2 hat {MR+}
rElec  +         Dismiss  .     o - +2 cloak
rCorr  .         Reflect  .     a - +1 pair of gloves {Dex+3}
SustAt .         Harm     .     (no boots)
MR     ++...                    (no amulet)
Stlth  ..........               X - +5 ring of strength
                                O - +3 ring of protection

@: very resistant to hostile enchantments, extremely unstealthy
A: big wings, negative energy resistance 1, electricity resistance, unbreathing,
petrification resistance, rot immunity, AC +9
a: Fly, Heroism, Renounce Religion, Evoke Blink


You were on level 15 of the Dungeon.
You worshipped Okawaru.
Okawaru was greatly pleased with you.
You were hungry.

You visited 2 branches of the dungeon, and saw 16 of its levels.

You collected 1060 gold pieces.
You spent 360 gold pieces at shops.

Inventory:

Hand Weapons
 m - a +2 vampiric lajatang (weapon)
 y - a +5 quarterstaff of draining
 Z - a +1 quarterstaff of holy wrath
Missiles
 d - 3 throwing nets (quivered)
 F - 7 tomahawks
Armour
 a - a +1 pair of gloves of dexterity (worn)
 o - a +2 cloak (worn)
 x - a +2 hat of magic resistance (worn)
 W - the +0 chain mail "Bookaes" (worn) {+Blink rF+ Stlth+}
   (You found it on level 12 of the Dungeon)

   It protects you from fire.
   It lets you blink.
   It makes you more stealthy.
Rods
 q - a +3 lightning rod (11/11)
   (You took it off a centaur warrior on level 14 of the Dungeon)
Jewellery
 O - a +3 ring of protection (left hand)
 X - a +5 ring of strength (right hand)
Wands
 f - a wand of confusion (16/48)
 J - a wand of iceblast (9/15)
 K - a wand of acid (8/15)
 T - a wand of disintegration (3/24)
 U - a wand of lightning (6/15)
Scrolls
 g - 3 scrolls of fog
 h - a scroll of immolation {unknown}
 n - 5 scrolls of magic mapping
 p - a scroll of enchant armour
 s - 4 scrolls of enchant weapon
 v - 3 scrolls of noise
 z - 3 scrolls of fear
 A - 2 scrolls of blinking
 C - 8 scrolls of remove curse
 I - 3 scrolls of teleportation
 R - a scroll of identify
Potions
 c - a potion of beneficial mutation {unknown}
 e - 5 potions of degeneration
 i - 3 potions of magic
 k - 2 potions of flight
 l - a potion of agility {unknown}
 r - 9 potions of curing
 u - 3 potions of cancellation
 B - 3 potions of resistance
 D - 2 potions of heal wounds
 G - a potion of ambrosia {unknown}
 H - 3 potions of haste
 N - a potion of berserk rage {unknown}
 V - a potion of might {unknown}
Books
 t - a book of Fire

   Spells                             Type                      Level
   a - Ignite Poison                  Fire/Transmutation/Poison    3
   b - Fireball                       Conjuration/Fire             5
   c - Bolt of Fire                   Conjuration/Fire             6
   d - Delayed Fireball               Conjuration/Fire             7
   e - Ring of Flames                 Charms/Fire                  7
 L - a book of the Tempests

   Spells                             Type                      Level
   a - Static Discharge               Conjuration/Air              3
   b - Lightning Bolt                 Conjuration/Air              5
   c - Fireball                       Conjuration/Fire             5
   d - Tornado                        Air                          9
   e - Shatter                        Earth                        9
 M - a book of Death

   Spells                             Type                      Level
   a - Corpse Rot                     Necromancy                   2
   b - Sublimation of Blood           Necromancy                   2
   c - Agony                          Necromancy                   5
   d - Dispel Undead                  Necromancy                   5
   e - Excruciating Wounds            Charms/Necromancy            5
   f - Bolt of Draining               Conjuration/Necromancy       5
Miscellaneous
 b - a sack of spiders {used: 4}
 w - an ornate deck of wonders
 S - a phial of floods
 Y - a box of beasts {used: 1}
Comestibles
 j - 6 meat rations
 E - 3 bread rations
 P - 3 beef jerkies


   Skills:
 + Level 16.5 Fighting
 - Level 14.0 Staves
 - Level 1.7 Throwing
 - Level 10.2 Armour
 - Level 2.4 Dodging
 - Level 11.0 Invocations


You had 13 spell levels left.
You didn't know any spells.

Dungeon Overview and Level Annotations

Branches:
Dungeon (15/15)            Temple (0/1) D:4            Lair (1/8) D:8
    Orc (0/2) D:9          Vaults (0/5) D:14
 Depths: D:15

Altars:
Ashenzari
Fedhas
Makhleb
Okawaru
Pakellas
Ru
Sif Muna
Trog
Vehumet
Yredelemnul
Zin

Shops:
D:4 (   D:6 *   D:14 *

Portals:
Trove: D:14 (give 7 potions of agility)

Annotations:
D:14 exclusion: Roxanne, Roxanne


Innate Abilities, Weirdness & Mutations

You are resistant to torment.
Your stone body is resilient (AC +9).
You are immune to poison.
Your large and strong wings let you fly indefinitely.
You resist negative energy.
You are resistant to electric shocks.
You can survive without breathing.
You are immune to petrification.
You are immune to rotting.


Message History

Your worker ant bites the ice dragon but does no damage.
The ice dragon bites you but does no damage.
The ice dragon claws you but does no damage.
The ice dragon tramples you but does no damage.
Your worker ant bites the ice dragon.
The ice dragon bites your worker ant! The ice dragon claws your worker ant.
The ice dragon completely misses your worker ant.
Your larval firebat beast hits the ice dragon but does no damage.
Your worker ant bites the ice dragon but does no damage.
The ice dragon bites your worker ant!
Your worker ant dies!
Your worker ant's corpse disappears in a puff of smoke!
The ice dragon breathes frost at you.
The blast of cold hits your soldier ant.
The blast of cold hits your larval firebat beast.
Your larval firebat beast dies!
Your larval firebat beast's corpse disappears in a puff of smoke!
The blast of cold hits you!
Ouch! That really hurt!
You die...

#########....##.#
###..# # #....# #
..## #### ####.# ##[#
#... #.#### #.# #...
#....# #.# #...
#.######.# #...
#......... ####
#############.#####.#
######
..........###.a§@...#
#...#.
.............D#######
#...#.
..........###.#
#...#. ###########
#D# #...#. #.# #.#
#...#. #.# #.# #...#.
#.# #####.### #.....
#.# #.......# #.^..#
#.# #.###.#.## ######


You could see an ice dragon and a friendly soldier ant.

Vanquished Creatures
  Gastronok (D:9)
  Frances (D:12)
  2 storm dragons (D:14)
  A fire dragon (D:14)
  4 hydras
  6 centaur warriors
  Erolcha (D:12)
  A catoblepas (shapeshifter) (D:14)
  A catoblepas (D:13)
  2 tengu warriors
  Sonja (D:12)
  A fire crab (shapeshifter) (D:13)
  A sea snake (shapeshifter) (D:14)
  A flayed ghost (D:14)
  3 unseen horrors
  Pikel (D:8)
  4 hill giants
  2 cyclopes (D:13)
  A wolf spider zombie (D:15)
  3 deep elf magi
  2 manticores
  A griffon (D:14)
  9 ugly things
  A torpor snail (shapeshifter) (D:14)
  4 centaur skeletons
  A spiny frog (shapeshifter) (D:15)
  2 gargoyles
  3 komodo dragons
  A yaktaur (shapeshifter) (D:14)
  A freezing wraith (D:15)
  5 yaktaurs (D:15)
  2 tengu conjurers
  A queen bee (shapeshifter) (D:14)
  The ghost of apsalar the Charlatan, an amateur DDAr (D:4)
  2 guardian mummies (D:14)
  2 trolls
  12 slime creatures
  A harpy skeleton (D:13)
  A two-headed ogre (D:12)
  A spriggan (shapeshifter) (D:15)
  3 shadows
  A wraith (D:7)
  2 wyverns
  14 yaks
  A basilisk (D:11)
  A golden eye (shapeshifter) (D:14)
  A human (D:10)
  2 hippogriffs
  4 hungry ghosts
  A mottled dragon (D:13)
  A water moccasin (Lair:1)
  3 ice beasts
  7 orc warriors
  2 sky beasts
  A black bear (D:9)
  6 necrophages
  2 phantoms
  A black bear (shapeshifter) (D:13)
  A slave (D:8)
  6 ogres
  18 centaurs
  3 big kobolds
  9 giant frogs
  2 elf zombies (D:7)
  A wyvern zombie (D:13)
  A wyvern skeleton (D:15)
  A troll zombie (D:7)
  3 scorpions
  9 killer bees
  A troll skeleton (D:7)
  A howler monkey (D:12)
  8 crimson imps
  3 centaur zombies
  5 giant frog zombies
  6 hounds
  11 orc priests
  5 jellies
  4 human zombies (D:7)
  2 giant frog skeletons
  2 human skeletons (D:7)
  2 iguanas
  6 orc wizards
  11 worker ants
  An ogre zombie (D:7)
  3 sheep (D:10)
  A hound zombie (D:11)
  A hound skeleton (D:7)
  2 mummies (D:12)
  A howler monkey zombie (D:10)
  A worker ant zombie (D:5)
  9 adders
  A shadow imp (D:6)
  2 adder skeletons
  2 adder zombies
  A worm (D:2)
  6 dart slugs
  10 giant geckos
  42 orcs
  3 giant cockroaches
  2 goblins
  6 hobgoblins
  3 jackals (D:3)
  19 kobolds
  2 quokkas
  A ball python (D:4)
  5 bats
  A giant gecko skeleton (D:4)
  5 giant newts
  A quokka skeleton (D:4)
  6 rats
402 creatures vanquished.

Vanquished Creatures (others)
  A ghost moth (shapeshifter) (D:15)
  A worker ant (D:8)
  A giant gecko (D:8)
  6 bushes (D:14)
  A plant (D:8)
  2 withered plants (D:12)
12 creatures vanquished.

Grand Total: 414 creatures vanquished

Notes
Turn   | Place    | Note
--------------------------------------------------------------
     0 | D:1      | varam the Gargoyle Gladiator began the quest for the Orb.
     0 | D:1      | Reached XP level 1. HP: 12/12 MP: 1/1
    34 | D:1      | Reached XP level 2. HP: 17/18 MP: 2/2
   281 | D:1      | Reached skill level 3 in Fighting
   362 | D:1      | Reached XP level 3. HP: 20/23 MP: 3/3
  1109 | D:2      | Reached XP level 4. HP: 28/28 MP: 4/4
  1746 | D:4      | Found Riyseoci's Weapon Shop.
  2079 | D:4      | Reached skill level 1 in Armour
  2079 | D:4      | Reached XP level 5. HP: 8/33 MP: 5/5
  2627 | D:4      | Found an iron altar of Okawaru.
  2633 | D:4      | Became a worshipper of Warmaster Okawaru
  2670 | D:4      | Reached skill level 4 in Fighting
  2681 | D:4      | Found a staircase to the Ecumenical Temple.
  2740 | D:4      | Noticed apsalar's ghost (amateur DDAr)
  3024 | D:2      | Reached XP level 6. HP: 7/38 MP: 6/6
  3297 | D:2      | Reached skill level 5 in Staves
  3649 | D:4      | Found a bloodstained altar of Trog.
  4368 | D:4      | Killed apsalar's ghost
  4368 | D:4      | Reached * piety under Okawaru
  4368 | D:4      | Reached skill level 5 in Fighting
  4368 | D:4      | Reached XP level 7. HP: 16/44 MP: 7/7
  4750 | D:5      | Entered Level 5 of the Dungeon
  4779 | D:5      | Found a shattered altar of Ashenzari.
  5487 | D:5      | Reached XP level 8. HP: 51/51 MP: 8/8
  5538 | D:6      | Reached skill level 6 in Fighting
  5780 | D:6      | Found Ihialug's Assorted Antiques.
  5808 | D:6      | Reached ** piety under Okawaru
  5808 | D:6      | Reached skill level 5 in Armour
  6582 | D:7      | Found a blossoming altar of Fedhas.
  6619 | D:7      | Found a burning altar of Makhleb.
  6628 | D:7      | Reached XP level 9. HP: 54/56 MP: 9/9
  6802 | D:7      | Found a deep blue altar of Sif Muna.
  6836 | D:7      | Reached skill level 7 in Fighting
  6906 | D:7      | Found a glowing silver altar of Zin.
  6966 | D:7      | Found a basalt altar of Yredelemnul.
  7544 | D:8      | Found a staircase to the Lair.
  7544 | D:8      | Noticed a komodo dragon
  7579 | D:8      | Killed a komodo dragon
  7782 | D:8      | Reached *** piety under Okawaru
  7817 | D:8      | Found a sacrificial altar of Ru.
  7884 | D:8      | Noticed Pikel
  7908 | D:8      | Killed Pikel
  7908 | D:8      | Reached skill level 8 in Fighting
  7908 | D:8      | Reached skill level 10 in Staves
  7908 | D:8      | Reached XP level 10. HP: 64/64 MP: 6/10
  8237 | Lair:1   | Entered Level 1 of the Lair of Beasts
  8699 | D:9      | Found a staircase to the Orcish Mines.
  8814 | D:10     | Entered Level 10 of the Dungeon
  8846 | D:10     | Noticed a hill giant
  9087 | D:9      | Noticed Gastronok
  9132 | D:9      | Killed Gastronok
  9132 | D:9      | Reached **** piety under Okawaru
  9132 | D:9      | Reached skill level 9 in Fighting
  9132 | D:9      | Reached XP level 11. HP: 15/71 MP: 8/11
  9469 | D:9      | Noticed a hill giant
  9763 | D:9      | Killed a hill giant
  9934 | D:9      | Found a radiant altar of Vehumet.
 10771 | D:10     | Noticed a hill giant
 10781 | D:10     | Killed a hill giant
 10781 | D:10     | Reached skill level 10 in Fighting
 10994 | D:10     | Noticed a hill giant
 11009 | D:10     | Killed a hill giant
 11009 | D:10     | Received a gift from Okawaru
 12062 | D:11     | Reached ***** piety under Okawaru
 12098 | D:11     | Noticed an eight-headed hydra
 12110 | D:11     | Killed an eight-headed hydra
 12344 | D:11     | Reached skill level 10 in Armour
 12717 | D:12     | Received a gift from Okawaru
 12717 | D:12     | Reached skill level 1 in Invocations
 13090 | D:12     | Reached XP level 12. HP: 77/78 MP: 13/13
 13221 | D:12     | Noticed Frances
 13238 | D:12     | Killed Frances
 13299 | D:12     | Noticed Sonja
 13357 | D:12     | Killed Sonja
 13675 | D:12     | Got an ancient chain mail
 13688 | D:12     | Identified the +0 chain mail "Bookaes" {+Blink rF+ Stlth+} (You found it on level 12 of the Dungeon)
 13699 | D:12     | Noticed a four-headed hydra
 13712 | D:12     | Killed a four-headed hydra
 14036 | D:12     | Reached skill level 5 in Invocations
 14074 | D:12     | Noticed Erolcha
 14081 | D:12     | Killed Erolcha
 14081 | D:12     | Reached skill level 11 in Fighting
 14086 | D:12     | Received a gift from Okawaru
 14459 | D:13     | Received a gift from Okawaru
 14970 | D:13     | Noticed a catoblepas
 14996 | D:13     | Killed a catoblepas
 15002 | D:13     | Reached XP level 13. HP: 63/85 MP: 12/18
 15034 | D:13     | Reached skill level 12 in Fighting
 15577 | D:14     | Noticed a storm dragon
 15578 | D:14     | Noticed a fire dragon
 15590 | D:14     | Noticed a storm dragon
 15828 | D:14     | Found a portal to a secret trove of treasure.
 15954 | D:14     | Killed a fire dragon
 16037 | D:14     | Killed a storm dragon
 16037 | D:14     | Received a gift from Okawaru
 16037 | D:14     | Reached skill level 13 in Fighting
 16037 | D:14     | Reached skill level 10 in Invocations
 16082 | D:14     | Killed a storm dragon
 16329 | D:14     | Noticed Roxanne
 16550 | D:14     | Found an oddly glowing altar of Pakellas.
 16585 | D:14     | Reached skill level 14 in Fighting
 16594 | D:14     | Found Jebops's Assorted Antiques.
 16600 | D:14     | Bought a ring of strength for 72 gold pieces
 16600 | D:14     | Bought a scroll of identify for 72 gold pieces
 16600 | D:14     | Bought a scroll labeled MEJ ZEMULY for 36 gold pieces
 16611 | D:14     | Bought a potion of heal wounds for 180 gold pieces
 16700 | D:14     | Found a gate to the Vaults.
 16788 | D:14     | Gained mutation: Your large and strong wings let you fly indefinitely. [Gargoyle growth]
 16788 | D:14     | Reached XP level 14. HP: 96/96 MP: 19/22
 16978 | D:15     | Entered Level 15 of the Dungeon
 16988 | D:15     | Received a gift from Okawaru
 17129 | D:15     | Reached skill level 15 in Fighting
 17589 | D:15     | Killed a ghost moth
 17627 | D:15     | Reached skill level 16 in Fighting
 18400 | D:15     | Killed from afar by an ice dragon

Skill      XL: |  1  2  3  4  5  6  7  8  9 10 11 12 13 14 |
---------------+-------------------------------------------+-----
Fighting       | 3 4 5 6 8 9 10 11 14 16 | 16.5
Staves         | 4 5 6 8 10 11 13 14 | 14.0
Armour         | 1 2 3 4 5 7 8 10 | 10.2
Invocations    | 2 7 11 | 11.0
Throwing       | |  1.7
Dodging        | |  2.4

Action                   |  1- 3 |  4- 6 |  7- 9 | 10-12 | 13-15 || total
-------------------------+-------+-------+-------+-------+-------++-------
Melee: Quarterstaff      |   101 |   253 |   370 |   716 |       ||  1440
       Lajatang          |       |       |       |   203 |   526 ||   729
Invok: Heroism           |       |       |    12 |    33 |    18 ||    63
       Finesse           |       |       |       |     5 |     7 ||    12
Evoke: Sack of spiders   |       |       |       |     1 |     3 ||     4
       Phial of floods   |       |       |       |     1 |       ||     1
       Phantom mirror    |       |       |       |       |     1 ||     1
       Box of beasts     |       |       |       |       |     1 ||     1
  Use: Scroll            |     3 |       |       |    10 |     6 ||    19
  Eat: Chunk             |     1 |     3 |     5 |    19 |     9 ||    37
       Bread ration      |       |     2 |     1 |     2 |       ||     5
       Pizza             |       |       |     1 |     4 |     3 ||     8
       Beef jerky        |       |       |       |     1 |       ||     1
       Fruit             |       |       |       |     5 |     2 ||     7
       Meat ration       |       |       |       |     1 |       ||     1
Armor: Leather armour    |    32 |    13 |       |       |       ||    45
       Chain mail        |       |   165 |   198 |   462 |   413 ||  1238
Dodge: Dodged            |    57 |   117 |   160 |   282 |   193 ||   809
